[Event "ICC tourney 2552 (3 2)"]
[Site "Internet Chess Club"]
[Date "2021.05.07"]
[Round "1"]
[White "SHETTY, DARSH:K05-16728985"]
[Black "MURPHY ZEDLEWSKI, JACK:K01-30079933"]
[Result "1-0"]
[ICCResult "Black checkmated"]
[WhiteElo "1400"]
[BlackElo "1400"]
[Opening "Rousseau gambit"]
[ECO "C50"]
[NIC "IG.03"]
[Time "18:02:42"]
[PlyCount "99"]
[TimeControl "180+2"]

1. e4 e5 2. Nf3 Nc6 3. Bc4 f5 4. d3 Nf6 5. Nc3 Bb4 6. Bd2 d5 7. Nxd5 Bxd2+
8. Qxd2 Nxd5 9. Bxd5 Ne7 10. Bb3 fxe4 11. dxe4 Qxd2+ 12. Nxd2 Bg4 13. f3
Be6 14. Bxe6 Nc6 15. Bd5 Nd4 16. c3 Nc2+ 17. Ke2 Nxa1 18. Rxa1 O-O-O 19.
Nc4 c6 20. Be6+ Kc7 21. Nxe5 Kd6 22. Nf7+ Kxe6 23. Nxd8+ Rxd8 24. Rd1 Rxd1
25. Kxd1 Ke5 26. Ke2 b5 27. Ke3 g5 28. g3 c5 29. f4+ gxf4+ 30. gxf4+ Ke6
31. b4 cxb4 32. cxb4 a6 33. Kd4 Kd6 34. e5+ Ke6 35. Ke4 Kd7 36. Kd5 Ke7 37.
f5 Kd7 38. f6 Ke8 39. e6 Kf8 40. Kd6 Ke8 41. f7+ Kf8 42. Kd7 Kg7 43. Ke7
Kh6 44. f8=Q+ Kh5 45. Qg7 h6 46. Kf6 Kh4 47. e7 Kh3 48. e8=Q Kh4 49. Qxh6+
Kg4 50. Qe4# { Black checkmated } 1-0

[Event "ICC tourney 2552 (3 2)"]
[Site "Internet Chess Club"]
[Date "2021.05.07"]
[Round "1"]
[White "PULIJALA, AKSHAJ:K05-16497860"]
[Black "DENG, CALEB:K01-30029985"]
[Result "0-1"]
[ICCResult "White resigns"]
[WhiteElo "1400"]
[BlackElo "1400"]
[Opening "Queen's pawn: Chigorin variation"]
[ECO "D00"]
[NIC "QP.08"]
[Time "18:02:42"]
[PlyCount "70"]
[TimeControl "180+2"]

1. d4 d5 2. Nc3 Nf6 3. Bf4 a6 4. f3 Nc6 5. e3 Bf5 6. Bd3 Bg6 7. Bxg6 hxg6
8. Nge2 e6 9. a3 Bd6 10. Qd3 Bxf4 11. Nxf4 Qe7 12. O-O-O O-O-O 13. g4 g5
14. Nfe2 g6 15. Ng3 Nd7 16. e4 Nb6 17. exd5 Nxd5 18. Nxd5 exd5 19. Rhe1 Qf6
20. Re2 Rhe8 21. Rxe8 Rxe8 22. Rf1 Qf4+ 23. Kb1 Qxd4 24. Qxd4 Nxd4 25. c3
Nc6 26. Rd1 Rd8 27. Ne2 f6 28. Nd4 Nxd4 29. Rxd4 Kb8 30. Kc2 Ka7 31. Kb3
Kb6 32. Kb4 c5+ 33. Kb3 cxd4 34. cxd4 a5 35. Kc3 Kb5 { White resigns } 0-1

[Event "ICC tourney 2552 (3 2)"]
[Site "Internet Chess Club"]
[Date "2021.05.07"]
[Round "1"]
[White "CHEN, WINSTON:K01-17150276"]
[Black "FORESTAL, LUC ANDRA:K05-16346012"]
[Result "0-1"]
[ICCResult "White forfeits on time"]
[WhiteElo "1400"]
[BlackElo "1400"]
[Opening "Scotch opening"]
[ECO "C44"]
[NIC "KP.10"]
[Time "18:02:17"]
[PlyCount "50"]
[TimeControl "180+2"]

1. e4 e5 2. Nf3 Nc6 3. d4 Bd6 4. Bc4 Nf6 5. Ng5 Qe7 6. Bxf7+ Kd8 7. Bb3 Rf8
8. Nc3 Nxd4 9. Nd5 Nxd5 10. Bxd5 c6 11. Nf7+ Kc7 12. Nxd6 Qxd6 13. Be3 cxd5
14. exd5 Qxd5 15. Qd3 Qxg2 16. Qc3+ Kb8 17. O-O-O Ne2+ 18. Kb1 Nxc3+ 19.
bxc3 Qc6 20. Rhg1 Qxc3 21. Rxg7 Qb4+ 22. Kc1 Qa3+ 23. Kb1 Rf6 24. Ka1 Rb6
25. Rb1 Qc3+ { White forfeits on time } 0-1

[Event "ICC tourney 2552 (3 2)"]
[Site "Internet Chess Club"]
[Date "2021.05.07"]
[Round "1"]
[White "ENMING LIN, BRYAN:K05-30020975"]
[Black "ROSS, CAMERON:K01-30165325"]
[Result "1-0"]
[ICCResult "Black forfeits on time"]
[WhiteElo "1400"]
[BlackElo "1400"]
[Opening "Queen's gambit accepted"]
[ECO "D20"]
[NIC "QG.03"]
[Time "18:03:58"]
[PlyCount "37"]
[TimeControl "180+2"]

1. d4 d5 2. c4 dxc4 3. Nc3 Bg4 4. f3 Bf5 5. e4 Bg6 6. Bxc4 Nc6 7. Nge2 e6
8. Be3 Bb4 9. O-O Qh4 10. Bf2 Qg5 11. Nb5 Qd2 12. Qxd2 Bxd2 13. Nxc7+ Kd8
14. Nxa8 Nf6 15. Rad1 Bb4 16. Bg3 Bh5 17. d5 Na5 18. dxe6+ Ke7 19. a3 {
Black forfeits on time } 1-0

[Event "ICC tourney 2552 (3 2)"]
[Site "Internet Chess Club"]
[Date "2021.05.07"]
[Round "1"]
[White "TURAEV, MALIK:K03-30017655"]
[Black "SIDDHARTH GOVINDARAJULA, PRANAY:K06-17345554"]
[Result "0-1"]
[ICCResult "White resigns"]
[WhiteElo "1400"]
[BlackElo "1400"]
[Opening "Pirc: classical (two knights) system"]
[ECO "B08"]
[NIC "PU.10"]
[Time "18:02:46"]
[PlyCount "68"]
[TimeControl "180+2"]

1. d4 Nf6 2. Nc3 g6 3. e4 d6 4. Nf3 Bg7 5. Bd3 O-O 6. O-O Bg4 7. Bg5 Nc6 8.
Bxf6 Bxf6 9. h3 Bxf3 10. Qxf3 Nxd4 11. Qe3 Bg7 12. Rad1 c5 13. Nb5 a6 14.
Nxd4 Bxd4 15. Qd2 Bxb2 16. c3 Ba3 17. Qc2 b5 18. Qb3 b4 19. cxb4 Bxb4 20.
a3 Ba5 21. Rb1 Qd7 22. Qd5 e6 23. Rb7 Bc7 24. Qb3 Rfb8 25. Rxb8+ Rxb8 26.
Qc4 d5 27. Qxc5 Bb6 28. Qb4 Bxf2+ 29. Rxf2 Rxb4 30. axb4 dxe4 31. Bxe4 Qd4
32. Bb7 Qb6 33. Bf3 Qxb4 34. Ra2 Qb1+ { White resigns } 0-1

[Event "ICC tourney 2552 (3 2)"]
[Site "Internet Chess Club"]
[Date "2021.05.07"]
[Round "1"]
[White "HUANG, BRIAN:K01-30136145"]
[Black "SARANGI, SHREYAN:K05-17058212"]
[Result "0-1"]
[ICCResult "White forfeits on time"]
[WhiteElo "1400"]
[BlackElo "1400"]
[Opening "Sicilian defense"]
[ECO "B40"]
[NIC "SI.43"]
[Time "18:03:00"]
[PlyCount "46"]
[TimeControl "180+2"]

1. e4 c5 2. Nf3 e6 3. Bc4 d5 4. exd5 exd5 5. Bb5+ Nc6 6. O-O Be7 7. Re1 Nf6
8. d3 O-O 9. Bg5 h6 10. Bh4 Be6 11. h3 Qb6 12. Ba4 Qxb2 13. Nbd2 Qa3 14.
Bxc6 bxc6 15. c4 Qxd3 16. cxd5 cxd5 17. Ne5 Qa6 18. Nef3 Rfe8 19. Ne5 Rab8
20. a4 Rb4 21. Kh1 Rxh4 22. Ndf3 Ne4 23. Kg1 Rh5 { White forfeits on time }
0-1

[Event "ICC tourney 2552 (3 2)"]
[Site "Internet Chess Club"]
[Date "2021.05.07"]
[Round "1"]
[White "WANG, ETHAN:K05-15914623"]
[Black "GIULIANO, TEDDY:K01-30060913"]
[Result "1-0"]
[ICCResult "Black checkmated"]
[WhiteElo "1400"]
[BlackElo "1492"]
[Opening "Ruy Lopez: Alapin's defense"]
[ECO "C60"]
[NIC "RL.01"]
[Time "18:05:00"]
[PlyCount "39"]
[TimeControl "180+2"]

1. e4 e5 2. Nf3 Nc6 3. Bb5 Bb4 4. Bxc6 dxc6 5. O-O Nf6 6. Nxe5 Bg4 7. Nxg4
Nxg4 8. Qxg4 Qf6 9. d3 O-O 10. c3 Bc5 11. d4 Bd6 12. e5 Qe7 13. exd6 Qxd6
14. Nd2 Rfd8 15. Nf3 Re8 16. Ne5 Qh6 17. Bxh6 Kf8 18. Qxg7+ Ke7 19. Qxf7+
Kd6 20. Qd7# { Black checkmated } 1-0

[Event "ICC tourney 2552 (3 2)"]
[Site "Internet Chess Club"]
[Date "2021.05.07"]
[Round "1"]
[White "CHALLA, ANAND:K03-30045058"]
[Black "HIRIYUR CHETHAN, NISCHITH:K06-30157135"]
[Result "0-1"]
[ICCResult "White resigns"]
[WhiteElo "1400"]
[BlackElo "1400"]
[Opening "Giuoco Piano: four knights variation"]
[ECO "C46"]
[NIC "KP.06"]
[Time "18:03:20"]
[PlyCount "40"]
[TimeControl "180+2"]

1. e4 e5 2. Nc3 Nc6 3. Nf3 Bc5 4. Bc4 Nf6 5. b3 Nxe4 6. Nxe4 d5 7. Nxc5
dxc4 8. bxc4 Bf5 9. Nxb7 Qb8 10. Nc5 O-O 11. O-O Re8 12. Nh4 Qb4 13. Nd3
Bxd3 14. cxd3 Nb8 15. a3 Qe7 16. Nf3 e4 17. dxe4 h6 18. d3 Nc6 19. Qa4 Ne5
20. Nxe5 Qxe5 { White resigns } 0-1

[Event "ICC tourney 2552 (3 2)"]
[Site "Internet Chess Club"]
[Date "2021.05.07"]
[Round "1"]
[White "KONDABATHINI, NAMISH:K05-16992657"]
[Black "LI MARTIN, CHARLOTTE:K01-30136112"]
[Result "1-0"]
[ICCResult "Black forfeits on time"]
[WhiteElo "1400"]
[BlackElo "1400"]
[Opening "QGD: 4.Nf3"]
[ECO "D37"]
[NIC "QO.16"]
[Time "18:03:00"]
[PlyCount "41"]
[TimeControl "180+2"]

1. d4 d5 2. c4 e6 3. Nc3 Nf6 4. Nf3 Nbd7 5. Bf4 c6 6. e3 Qa5 7. cxd5 cxd5
8. Bd3 Bb4 9. Qc2 O-O 10. O-O Qd8 11. Nb5 b6 12. Nc7 Rb8 13. Nxe6 fxe6 14.
Bxb8 Bb7 15. Bc7 Qc8 16. Rac1 Bc5 17. dxc5 Qxc7 18. c6 Bxc6 19. Qxc6 Qd8
20. Qxe6+ Kh8 21. Ng5 { Black forfeits on time } 1-0

[Event "ICC tourney 2552 (3 2)"]
[Site "Internet Chess Club"]
[Date "2021.05.07"]
[Round "1"]
[White "LIU, ERIC:K01-30136104"]
[Black "SINHA, AANVI:K05-16964627"]
[Result "1-0"]
[ICCResult "Black checkmated"]
[WhiteElo "1400"]
[BlackElo "1400"]
[Opening "Scandinavian (center counter) defense"]
[ECO "B01"]
[NIC "VO.17"]
[Time "18:03:00"]
[PlyCount "71"]
[TimeControl "180+2"]

1. e4 d5 2. exd5 e6 3. dxe6 fxe6 4. Qh5+ g6 5. Qe5 Bd7 6. Qxh8 Qe7 7. Qxg8
Qf7 8. Qxf7+ Kxf7 9. Nf3 Bc6 10. Be2 Nd7 11. O-O Kf6 12. b3 Ne5 13. Bb2 Kf5
14. Nxe5 Bd6 15. Nxc6 bxc6 16. Bd3+ Kg5 17. Be4 Kf4 18. f3 Kg5 19. d3 h5
20. Nc3 Kf6 21. Bxc6 Rb8 22. Ne4+ Kf5 23. Nxd6+ cxd6 24. Be4+ Kf4 25. g3+
Kg5 26. f4+ Kg4 27. Bxg6 e5 28. f5 d5 29. Bxe5 Re8 30. Bxe8 Kh3 31. Bd7 Kg4
32. f6+ Kg5 33. f7 Kg6 34. f8=Q Kh7 35. Rf7+ Kg6 36. Qg7# { Black
checkmated } 1-0

[Event "ICC tourney 2552 (3 2)"]
[Site "Internet Chess Club"]
[Date "2021.05.07"]
[Round "1"]
[White "LIU, NATHAN:K03-30166452"]
[Black "BHARDWAJ, ARYAMAN:K03-17148228"]
[Result "0-1"]
[ICCResult "White checkmated"]
[WhiteElo "1400"]
[BlackElo "1002"]
[Opening "Evans gambit: Lasker defense"]
[ECO "C51"]
[NIC "IG.05"]
[Time "18:04:00"]
[PlyCount "68"]
[TimeControl "180+2"]

1. e4 e5 2. Nf3 Nc6 3. Bc4 Bc5 4. b4 Bxb4 5. c3 Bc5 6. d4 Bb6 7. O-O d6 8.
dxe5 dxe5 9. Qxd8+ Nxd8 10. Bg5 Nc6 11. Nbd2 Bg4 12. Be3 O-O-O 13. a4 Bxe3
14. fxe3 Nf6 15. a5 Rhe8 16. Bxf7 Rf8 17. Bd5 Nxd5 18. exd5 Rxd5 19. a6 b6
20. e4 Rd6 21. c4 Rd7 22. Rab1 Bxf3 23. Nxf3 Nd4 24. Nxe5 Rxf1+ 25. Rxf1
Re7 26. Nc6 Re6 27. Rf8+ Kd7 28. Nb8+ Kd6 29. Rd8+ Kc5 30. Nd7+ Kxc4 31.
Rh8 Rxe4 32. Rxh7 Rf4 33. Rxg7 Ne2+ 34. Kh1 Rf1# { White checkmated } 0-1

[Event "ICC tourney 2552 (3 2)"]
[Site "Internet Chess Club"]
[Date "2021.05.07"]
[Round "1"]
[White "XU, KEVIN:K01-30156827"]
[Black "GENG, KENNETH:K05-17304601"]
[Result "0-1"]
[ICCResult "White checkmated"]
[WhiteElo "1400"]
[BlackElo "1400"]
[Opening "Sicilian defense"]
[ECO "B20"]
[NIC "SI.48"]
[Time "18:03:00"]
[PlyCount "42"]
[TimeControl "180+2"]

1. e4 c5 2. Bc4 Nc6 3. Qf3 e6 4. Qxf7+ Kxf7 5. d3 Nf6 6. Nf3 h6 7. O-O Na5
8. Ne5+ Ke8 9. Ng6 Rg8 10. Nc3 Nxc4 11. dxc4 d6 12. Nxf8 Kxf8 13. Re1 e5
14. g3 g5 15. f4 gxf4 16. Kf2 Ng4+ 17. Kf3 Nxh2+ 18. Kg2 Qg5 19. Bd2 Qxg3+
20. Kh1 Qf3+ 21. Kxh2 Qh3# { White checkmated } 0-1

[Event "ICC tourney 2552 (3 2)"]
[Site "Internet Chess Club"]
[Date "2021.05.07"]
[Round "1"]
[White "SAMBATH, VAISHNAV:K01-30162350"]
[Black "LAKSHMANAN, KARTHIK:K05-17329162"]
[Result "0-1"]
[ICCResult "White forfeits on time"]
[WhiteElo "1400"]
[BlackElo "1400"]
[Opening "Giuoco Piano: four knights variation"]
[ECO "C47"]
[NIC "KP.06"]
[Time "18:02:32"]
[PlyCount "54"]
[TimeControl "180+2"]

1. e4 e5 2. Nf3 Nc6 3. Nc3 Nf6 4. Bc4 Bc5 5. O-O O-O 6. d3 h6 7. Be3 Bb6 8.
Qd2 Bxe3 9. fxe3 d6 10. h3 a6 11. Bb3 Nh7 12. Nh2 Qg5 13. Rf3 Nf6 14. Raf1
Ne7 15. Nd5 Nexd5 16. Bxd5 c6 17. Bb3 d5 18. exd5 cxd5 19. Qc3 Be6 20. Qc7
Rab8 21. Re1 Qh4 22. Re2 e4 23. dxe4 dxe4 24. Rff2 Bxb3 25. cxb3 Rfc8 26.
Qb6 Nd5 27. Qd6 Qg5 { White forfeits on time } 0-1

[Event "ICC tourney 2552 (3 2)"]
[Site "Internet Chess Club"]
[Date "2021.05.07"]
[Round "1"]
[White "BRODY GAMEZ, LIAM:K06-17012964"]
[Black "RAMOS, ENEKO:K03-17254277"]
[Result "1-0"]
[ICCResult "Black forfeits on time"]
[WhiteElo "1400"]
[BlackElo "1400"]
[Opening "Giuoco Piano"]
[ECO "C50"]
[NIC "IG.02"]
[Time "18:02:36"]
[PlyCount "37"]
[TimeControl "180+2"]

1. e4 e5 2. Nf3 Nc6 3. Bc4 Bc5 4. Ng5 Bxf2+ 5. Kxf2 Qxg5 6. d4 Qf6+ 7. Ke1
Nxd4 8. Rf1 Qh4+ 9. Kd2 Qg5+ 10. Kc3 Qxg2 11. Qe1 Qxh2 12. Bg5 Qg3+ 13.
Qxg3 Ne2+ 14. Bxe2 f6 15. Bc4 Ne7 16. Bxf6 gxf6 17. Qg7 Rg8 18. Qf7+ Kd8
19. Rg1 { Black forfeits on time } 1-0

[Event "ICC tourney 2552 (3 2)"]
[Site "Internet Chess Club"]
[Date "2021.05.07"]
[Round "1"]
[White "LIU, YUHAN:K01-30045742"]
[Black "STINGLEY, MAX:K05-16512763"]
[Result "0-1"]
[ICCResult "White forfeits on time"]
[WhiteElo "1400"]
[BlackElo "1400"]
[Opening "Robatsch (modern) defense"]
[ECO "B06"]
[NIC "KF.06"]
[Time "18:03:18"]
[PlyCount "64"]
[TimeControl "180+2"]

1. e4 g6 2. Nc3 Bg7 3. Bb5 a6 4. Bc4 Nc6 5. Nf3 e6 6. O-O Nge7 7. d3 O-O 8.
Bg5 Qe8 9. Qe2 b5 10. Bb3 Na5 11. Rad1 Nxb3 12. axb3 c6 13. Rfe1 d5 14. e5
c5 15. d4 cxd4 16. Nb1 Nf5 17. h3 Qc6 18. Nbd2 Qxc2 19. Rc1 Qxb2 20. Nb1
Qxe2 21. Rxe2 Bd7 22. Nbd2 Rfc8 23. Rxc8+ Rxc8 24. Nh4 Nxh4 25. Bxh4 Bh6
26. Nf3 d3 27. Rd2 Bxd2 28. Nxd2 Rc2 29. Nf3 d2 30. Nxd2 Rxd2 31. Bf6 Rd3
32. Kh2 Rxb3 { White forfeits on time } 0-1

[Event "ICC tourney 2552 (3 2)"]
[Site "Internet Chess Club"]
[Date "2021.05.07"]
[Round "1"]
[White "SHAHINYAN, INNA:K05-17114472"]
[Black "FU, JAYDEN:K01-30152838"]
[Result "0-1"]
[ICCResult "White checkmated"]
[WhiteElo "1400"]
[BlackElo "1400"]
[Opening "Giuoco Piano"]
[ECO "C50"]
[NIC "IG.02"]
[Time "18:02:19"]
[PlyCount "44"]
[TimeControl "180+2"]

1. e4 e5 2. Nf3 Nc6 3. Bc4 Bc5 4. O-O Nf6 5. Nc3 d5 6. exd5 Nxd5 7. Nxd5
Be6 8. Re1 Bxd5 9. Bxd5 Qxd5 10. b3 Nd4 11. Rxe5+ Qxe5 12. Nxe5 O-O 13. d3
Nf5 14. Nd7 Bd4 15. Nxf8 Bxa1 16. Nd7 Rd8 17. Nc5 b6 18. Ne4 Nd4 19. Qg4
Nxc2 20. Bh6 Rxd3 21. Qxg7+ Bxg7 22. Bxg7 Rd1# { White checkmated } 0-1

[Event "ICC tourney 2552 (3 2)"]
[Site "Internet Chess Club"]
[Date "2021.05.07"]
[Round "1"]
[White "WANG, WEIHAN:K01-17104962"]
[Black "KRISHNAN, SHREYANK:K05-16258876"]
[Result "0-1"]
[ICCResult "White checkmated"]
[WhiteElo "1400"]
[BlackElo "1400"]
[Opening "Giuoco Piano: four knights variation"]
[ECO "C55"]
[NIC "IG.01"]
[Time "18:02:51"]
[PlyCount "82"]
[TimeControl "180+2"]

1. e4 e5 2. Nf3 Nc6 3. Bc4 Nf6 4. Nc3 Bc5 5. O-O O-O 6. d3 d6 7. Re1 Bg4 8.
Be3 Bb6 9. h3 Bh5 10. a3 Re8 11. b4 Nd4 12. Bxd4 Bxd4 13. Nb5 Bxa1 14. Qxa1
Bxf3 15. gxf3 Qd7 16. Qa2 c6 17. Nc3 Rf8 18. Kf1 Qxh3+ 19. Ke2 Qd7 20. Qb3
b5 21. Bxf7+ Rxf7 22. a4 bxa4 23. Nxa4 Kh8 24. c3 Nh5 25. Kd2 Rxf3 26. Kc2
Rxf2+ 27. Kd1 Nf4 28. Qc4 Qg4+ 29. Kc1 Ne2+ 30. Kb2 Nd4+ 31. Kb1 Nc2 32.
Qb3 Raf8 33. Qc4 Na3+ 34. Ka1 Nxc4 35. Kb1 Nd2+ 36. Kc1 Nb3+ 37. Kb1 Rf1
38. Rxf1 Rxf1+ 39. Kb2 Qd1 40. Ka2 Qc2+ 41. Ka3 Ra1# { White checkmated }
0-1

[Event "ICC tourney 2552 (3 2)"]
[Site "Internet Chess Club"]
[Date "2021.05.07"]
[Round "1"]
[White "MANIKANDAN, SIDDHARTH:K05-15223658"]
[Black "SAMUEL RYAN, ASHER:K03-17262978"]
[Result "1-0"]
[ICCResult "Black checkmated"]
[WhiteElo "1400"]
[BlackElo "782"]
[Opening "Two knights defense"]
[ECO "C57"]
[NIC "KP.01"]
[Time "18:03:01"]
[PlyCount "59"]
[TimeControl "180+2"]

1. e4 e5 2. Nf3 Nc6 3. Bc4 Nf6 4. Ng5 d6 5. Nxf7 Qe7 6. Nxh8 Bd7 7. O-O
O-O-O 8. Nf7 Re8 9. Nc3 a6 10. Nd5 Nxd5 11. Bxd5 Nd4 12. c3 Nb5 13. d4 c6
14. Bg5 Qxg5 15. Nxg5 cxd5 16. dxe5 dxe4 17. exd6 Bf5 18. Nxh7 Rd8 19. Nxf8
Rxf8 20. g4 Be6 21. f4 Rd8 22. f5 Bf7 23. c4 Na7 24. c5 g5 25. fxg6 Bxg6
26. g5 e3 27. Qg4+ Kb8 28. d7 Kc7 29. Qe6 Bd3 30. Qd6# { Black checkmated }
1-0

[Event "ICC tourney 2552 (3 2)"]
[Site "Internet Chess Club"]
[Date "2021.05.07"]
[Round "1"]
[White "VENKATASAI TIRUMALA, ADVAY:K06-15821575"]
[Black "THOMAS, JOHNATHAN:K03-16893496"]
[Result "1-0"]
[ICCResult "Black checkmated"]
[WhiteElo "1400"]
[BlackElo "1400"]
[Opening "Giuoco Pianissimo"]
[ECO "C50"]
[NIC "IG.02"]
[Time "18:03:20"]
[PlyCount "111"]
[TimeControl "180+2"]

1. e4 e5 2. Nf3 Nc6 3. Bc4 Bc5 4. d3 d6 5. h3 Nf6 6. Bg5 h6 7. Bh4 g5 8.
Bg3 Nd4 9. c3 Nc6 10. b4 Bb6 11. a4 a5 12. b5 Ne7 13. Nbd2 g4 14. hxg4 Bxg4
15. Qe2 d5 16. exd5 Bxf3 17. Qxf3 Nexd5 18. Bxd5 Qxd5 19. Qxd5 Nxd5 20. c4
Nb4 21. Bxe5 O-O-O 22. O-O Rde8 23. Bg3 Rhg8 24. Ne4 f5 25. Nf6 Rxg3 26.
Nxe8 Kd7 27. Nf6+ Ke6 28. Nd5 Nxd5 29. cxd5+ Kxd5 30. Kh2 Rg6 31. Rac1 c6
32. bxc6 Bc7+ 33. Kg1 bxc6 34. g3 f4 35. Kg2 fxg3 36. fxg3 Rxg3+ 37. Kf2
Rxd3 38. Rh1 Bb6+ 39. Ke2 Rd4 40. Rxh6 Bc5 41. Rh5+ Kd6 42. Rhxc5 Rd5 43.
Rxc6+ Ke5 44. R1c5 Rxc5 45. Rxc5+ Kd6 46. Rxa5 Kc6 47. Rb5 Kc7 48. Rb1 Kc6
49. a5 Kc7 50. a6 Kd8 51. a7 Ke8 52. a8=Q+ Kf7 53. Qe4 Kg7 54. Rf1 Kh8 55.
Qg4 Kh7 56. Rh1# { Black checkmated } 1-0

[Event "ICC tourney 2552 (3 2)"]
[Site "Internet Chess Club"]
[Date "2021.05.07"]
[Round "1"]
[White "S GADIPARTHI, HARIHARAN:K03-30056781"]
[Black "YURKO, MAXWELL:K06-30167737"]
[Result "0-1"]
[ICCResult "White checkmated"]
[WhiteElo "1400"]
[BlackElo "1400"]
[Opening "Queen's pawn: Chigorin variation"]
[ECO "D00"]
[NIC "QP.08"]
[Time "18:03:20"]
[PlyCount "78"]
[TimeControl "180+2"]

1. d4 d5 2. Nc3 Nf6 3. Nf3 Nc6 4. Ng5 Bf5 5. h3 Nb4 6. g4 Nxc2+ 7. Kd2 Nxa1
8. gxf5 Qd6 9. Nb5 Qf4+ 10. e3 Qxg5 11. h4 Qg4 12. Nxc7+ Kd8 13. Nxa8 Qxd1+
14. Kxd1 Ne4 15. f3 Nf2+ 16. Ke1 Nxh1 17. b4 Ng3 18. Kf2 Nxf1 19. Kxf1 e6
20. b5 exf5 21. Bb2 Nc2 22. Bc3 Nxe3+ 23. Ke2 Nc4 24. Kd3 g6 25. f4 f6 26.
Kc2 h6 27. Kc1 g5 28. fxg5 fxg5 29. hxg5 hxg5 30. a4 g4 31. a5 Ba3+ 32. Kc2
Rh1 33. Kb3 Rb1+ 34. Ka2 Rc1 35. a6 b6 36. Ba1 g3 37. Kb3 g2 38. Ka4 g1=Q
39. Bc3 Qd1# { White checkmated } 0-1

[Event "ICC tourney 2552 (3 2)"]
[Site "Internet Chess Club"]
[Date "2021.05.07"]
[Round "1"]
[White "DEVARAJ, SHREYA:K05-16369648"]
[Black "HAO, RYAN:K01-17217725"]
[Result "1-0"]
[ICCResult "Black forfeits on time"]
[WhiteElo "1400"]
[BlackElo "1400"]
[Opening "Queen's pawn game, Chigorin variation"]
[ECO "D02"]
[NIC "QP.08"]
[Time "18:03:38"]
[PlyCount "45"]
[TimeControl "180+2"]

1. d4 d5 2. Nf3 Nc6 3. Bf4 Nf6 4. e3 Bf5 5. c3 e6 6. Bd3 Be7 7. Bxf5 exf5
8. Qd3 Qd7 9. Nbd2 O-O 10. O-O h6 11. Ne5 Nxe5 12. dxe5 Ne4 13. Nxe4 fxe4
14. Qe2 a5 15. Rad1 Rfd8 16. c4 c6 17. Rd2 Bb4 18. Rdd1 Qe6 19. a3 Bc5 20.
Bg3 dxc4 21. h3 b6 22. Kh1 Kh8 23. Qc2 { Black forfeits on time } 1-0

[Event "ICC tourney 2552 (3 2)"]
[Site "Internet Chess Club"]
[Date "2021.05.07"]
[Round "1"]
[White "XAVIER KIM, EVEREST:K05-17350711"]
[Black "BUSA, KANAY:K01-30163120"]
[Result "1-0"]
[ICCResult "Black checkmated"]
[WhiteElo "1400"]
[BlackElo "1400"]
[Opening "Alekhine's defense"]
[ECO "B03"]
[NIC "AL.09"]
[Time "18:02:11"]
[PlyCount "77"]
[TimeControl "180+2"]

1. e4 Nf6 2. e5 Nd5 3. d4 e6 4. Nf3 Nf4 5. Bxf4 Bb4+ 6. c3 Ba5 7. Bg5 f6 8.
exf6 gxf6 9. Bh6 Nc6 10. Nfd2 Ne7 11. Qh5+ Ng6 12. Bg7 Rg8 13. Qxh7 Kf7 14.
Bh6+ Ke8 15. Qxg8+ Ke7 16. Qg7+ Ke8 17. Qxg6+ Ke7 18. Qg7+ Kd6 19. Bf4+ Kc6
20. d5+ Kxd5 21. Bc4+ Kc5 22. b4+ Kc6 23. b5+ Kb6 24. Be3+ c5 25. bxc6+
Kxc6 26. O-O Qc7 27. Qxf6 Qb6 28. Qf3+ d5 29. Bxb6 Bxb6 30. Bb3 Kc5 31.
Qe3+ Kd6 32. Qf4+ Kd7 33. Ba4+ Ke7 34. Qg5+ Kf8 35. Qf6+ Kg8 36. Be8 Kh7
37. Qg6+ Kh8 38. Bf7 Bd7 39. Qh6# { Black checkmated } 1-0

[Event "ICC tourney 2552 (3 2)"]
[Site "Internet Chess Club"]
[Date "2021.05.07"]
[Round "1"]
[White "PARHAR, OJAS:K03-16452028"]
[Black "YU, ZIRAN:K05-30074850"]
[Result "0-1"]
[ICCResult "White forfeits on time"]
[WhiteElo "1400"]
[BlackElo "1400"]
[Opening "Giuoco Piano: four knights variation"]
[ECO "C47"]
[NIC "KP.06"]
[Time "18:02:49"]
[PlyCount "40"]
[TimeControl "180+2"]

1. e4 e5 2. Nf3 Nc6 3. Nc3 Nf6 4. Bc4 Bc5 5. O-O O-O 6. d3 Nd4 7. Nxe5 Qe7
8. Nf3 d6 9. Bg5 Bg4 10. Nd5 Bxf3 11. gxf3 Qe5 12. Nxf6+ gxf6 13. Bh6 Qh5
14. Bxf8 Nxf3+ 15. Kg2 Qg4+ 16. Kh1 Qf4 17. Kg2 Qg4+ 18. Kh1 Qh3 19. Rg1+
Nxg1 20. Qxg1+ Kxf8 { White forfeits on time } 0-1

[Event "ICC tourney 2552 (3 2)"]
[Site "Internet Chess Club"]
[Date "2021.05.07"]
[Round "1"]
[White "MCKEE, IAN:K01-17270194"]
[Black "LINGISHETTY, ISHAAN:K05-16449486"]
[Result "1-0"]
[ICCResult "Black forfeits on time"]
[WhiteElo "1400"]
[BlackElo "1400"]
[Opening "Two knights defense"]
[ECO "C58"]
[NIC "KP.01"]
[Time "18:02:48"]
[PlyCount "51"]
[TimeControl "180+2"]

1. e4 e5 2. Nf3 Nc6 3. Bc4 Nf6 4. Ng5 d5 5. exd5 Na5 6. Bb5+ c6 7. dxc6
bxc6 8. Bd3 h6 9. Ne4 Bg4 10. Nxf6+ Qxf6 11. Qxg4 Bc5 12. O-O O-O 13. Qa4
Nb7 14. Ba6 Nd8 15. Nc3 Re8 16. Ne4 Qe7 17. Nxc5 Qxc5 18. Qg4 Qd6 19. d3
Qf6 20. f4 e4 21. d4 Qxd4+ 22. Kh1 Qf6 23. f5 Rb8 24. Be3 Rb6 25. Bxb6 axb6
26. Rad1 { Black forfeits on time } 1-0

[Event "ICC tourney 2552 (3 2)"]
[Site "Internet Chess Club"]
[Date "2021.05.07"]
[Round "1"]
[White "NAGASAI SASHANK KUNCHANAPALLI, HAVISH:K06-30136759"]
[Black "CHEN, SHUANG:K03-30071645"]
[Result "1-0"]
[ICCResult "Black forfeits on time"]
[WhiteElo "1324"]
[BlackElo "1400"]
[Opening "Scandinavian (center counter) defense"]
[ECO "B01"]
[NIC "SD.01"]
[Time "18:02:50"]
[PlyCount "49"]
[TimeControl "180+2"]

1. e4 d5 2. exd5 Qxd5 3. Nc3 Qa5 4. Nf3 Nf6 5. Bc4 Bg4 6. d3 Nc6 7. O-O
O-O-O 8. h3 Bh5 9. Bd2 Qf5 10. Re1 Bxf3 11. Qxf3 Qxf3 12. gxf3 e6 13. Ne4
Nd4 14. Rf1 Nxe4 15. fxe4 Nf3+ 16. Kg2 Nxd2 17. Rfd1 Nxc4 18. dxc4 Bc5 19.
Rg1 Rd2 20. Raf1 Rxc2 21. b3 Rxa2 22. Kf3 g6 23. h4 f5 24. exf5 exf5 25. h5
{ Black forfeits on time } 1-0

[Event "ICC tourney 2552 (3 2)"]
[Site "Internet Chess Club"]
[Date "2021.05.07"]
[Round "1"]
[White "OUYANG, RAYMOND:K01-30136126"]
[Black "HOJA, SABRINA:K05-16995856"]
[Result "0-1"]
[ICCResult "White forfeits on time"]
[WhiteElo "1400"]
[BlackElo "1400"]
[Opening "Giuoco Piano"]
[ECO "C54"]
[NIC "IG.02"]
[Time "18:02:39"]
[PlyCount "62"]
[TimeControl "180+2"]

1. e4 e5 2. Nf3 Nc6 3. Bc4 Bc5 4. c3 Nf6 5. d3 h6 6. O-O O-O 7. b4 Bb6 8.
b5 Na5 9. Nxe5 Re8 10. Bf4 Nxc4 11. Nxc4 d6 12. Qf3 Bd7 13. a4 a6 14. Nbd2
axb5 15. axb5 Bxb5 16. Rxa8 Qxa8 17. h3 Qd8 18. Qg3 Nh5 19. Qg4 Nxf4 20.
Qxf4 Qg5 21. Qxg5 hxg5 22. Re1 f5 23. Kh2 d5 24. Nxb6 cxb6 25. e5 Bxd3 26.
e6 Be4 27. f3 Bd3 28. Kg3 g6 29. h4 gxh4+ 30. Kxh4 Kg7 31. Kg5 b5 { White
forfeits on time } 0-1